 Dungeon Crawl Stone Soup version 0.17.0-24-gcfadda4 (webtiles) character file.

2074 oplop the Jinx (level 9, 0/41 HPs)
             Began as a Spriggan Enchanter on Nov 17, 2015.
             Was an Initiate of Ashenzari.
             Killed by divine providence
             ... invoked by an orc priest
              (13 damage)
             ... on level 6 of the Dungeon.
             The game lasted 00:15:29 (6362 turns).

oplop the Jinx (Spriggan Enchanter)                 Turns: 6362, Time: 00:15:30

Health: 0/41       AC:  4    Str:  4    XL:     9   Next: 6%
Magic:  18/22      EV: 22    Int: 20    God:    Ashenzari [......]
Gold:   331        SH:  0    Dex: 16    Spells: 4 memorised, 16 levels left

rFire  . . .     SeeInvis +     D - +2 dagger (holy)
rCold  . . .     Clarity  .     b - +1 robe
rNeg   . . .     SustAt   .     (shield restricted)
rPois  .         Gourm    .     (helmet restricted)
rElec  .         Spirit   .     v - +0 cloak
rCorr  .         Warding  .     (gloves unavailable)
rMut   .         Stasis   .     (boots unavailable)
MR     +....                    (no amulet)
Stlth  +++.......               (no ring)
                                (no ring)

@: very quick, somewhat resistant to hostile enchantments, fairly stealthy
A: unfitting armour, see invisible, herbivore 3, speed 3, slow metabolism 2
a: Renounce Religion


You were on level 6 of the Dungeon.
You worshipped Ashenzari.
Ashenzari was noncommittal.
You were not hungry.

You visited 2 branches of the dungeon, and saw 7 of its levels.

You collected 331 gold pieces.

Inventory:

Hand Weapons
 a - a +1 dagger
 C - a +0 dagger of speed
 D - a +2 dagger of holy wrath (weapon)
Armour
 b - a +1 robe (worn)
 v - a +0 cloak (worn)
Wands
 s - a wand of cold (6)
 F - a wand of random effects (32)
 G - a wand of digging (3)
Scrolls
 g - 2 scrolls of immolation
 j - 2 scrolls of remove curse
 m - a scroll of teleportation
 u - a scroll of amnesia {unknown}
 y - a scroll of fear {unknown}
Potions
 e - 2 potions of resistance
 h - a potion of magic {unknown}
 i - 3 potions of heal wounds
 k - 7 potions of degeneration
 n - a potion of ambrosia
 o - a potion of flight
 q - 3 potions of poison
 r - 2 potions of agility {unknown}
 t - a potion of might {unknown}
 w - a potion of brilliance {unknown}
 x - 2 potions of berserk rage
 z - a potion of cancellation
 A - a potion of curing {unknown}
 B - a potion of mutation {unknown}
 E - a potion of lignification {unknown}
Books
 c - a book of Maledictions

   Spells                             Type                      Level
   a - Corona                         Hexes                        1
   b - Ensorcelled Hibernation        Hexes/Ice                    2
   c - Confuse                        Hexes                        3
   d - Tukima's Dance                 Hexes                        3
   e - Dazzling Spray                 Conjuration/Hexes            3
Comestibles
 d - 4 bread rations
 l - a fruit


   Skills:
 * Level 1.3 Fighting
 + Level 4.7 Short Blades
 - Level 7.5 Dodging
 - Level 4.4 Stealth
 + Level 8.5 Spellcasting
 + Level 9.1 Hexes


You had 16 spell levels left.
You knew the following spells:

 Your Spells              Type           Power        Failure   Level  Hunger
a - Corona                Hex            #####..      1%          1    None
b - Ensorcelled Hibernat  Hex/Ice        ####..       1%          2    None
c - Confuse               Hex            #####...     1%          3    None
d - Tukima's Dance        Hex            #####...     1%          3    None


Dungeon Overview and Level Annotations

Branches:
Dungeon (6/15)             Temple (1/1) D:6

Altars:
Ashenzari
Elyvilon
Gozag
Kikubaaqudgha
Makhleb
Nemelex Xobeh
Okawaru
Qazlal
Ru
Sif Muna
Trog
Vehumet
Xom
Yredelemnul
Zin
The Shining One


Innate Abilities, Weirdness & Mutations

You are tiny and cannot use many weapons and most armour.
You have supernaturally acute eyesight.
You are a herbivore.
You cover ground extremely quickly.
You need consume almost no food.


Message History

The scimitar dances into the air!
You hit the orc warrior.
The orc warrior is lightly wounded.
The orc warrior misses you.
You barely miss the orc warrior.
The orc warrior is lightly wounded.
Your scimitar hits the orc warrior. The orc warrior completely misses you.
You hit the orc warrior but do no damage.
The orc warrior is lightly wounded.
Your scimitar hits the orc warrior!
You hit the orc warrior but do no damage.
The orc warrior is moderately wounded.
The orc warrior hits you!
Your scimitar hits the orc warrior!!
The orc warrior dies!
An orc wizard comes into view. It is wielding a dagger.
An orc priest and an orc wizard come into view.
The orc wizard shouts!
The orc priest calls down the wrath of Beogh upon you.
Something smites you!
You die...

*,*#.≈.≈.≈.≈.≈.≈.≈.≈..#.#.# #[#
*,*##.8...8...8...8...#.#.####.##
*,* ##.≈.≈.≈.≈.≈.≈...............
*,***######............<#########
*,,,,,,,,*#.###.#.<#....#
********,*#.# #.#..##.#.# *,*#.#
#.#..####.# *,*#.###.#..####.#
*,*#.....@.......# #
*,*#######(####### # *,* #o#
####### *,* *.# #...... *,* *o#
#.##### *,* *o# #.# # *****,*
**.#* #.# # *,,,,,* **,#.** #.# #
*,***** **,***,** #.# #


You could see an orc priest, 2 orc wizards and a friendly scimitar.

Vanquished Creatures
  Pikel (D:5)
  Grinder (D:5)
  A slave (D:4)
  The ghost of NekoKawashu the Ruffian, an amateur MiMo (D:4)
  A sky beast (D:4)
  A phantom (D:5)
  2 centaurs (D:5)
  A giant frog (D:6)
  A scorpion (D:5)
  2 electric eels (D:6)
  4 crimson imps
  2 orc priests
  An orc wizard (D:4)
  A giant frog skeleton (D:4)
  3 hounds
  An iguana (D:4)
  2 worker ants
  3 hound skeletons
  A worker ant zombie (D:5)
  5 adders
  2 oozes (D:3)
  4 adder skeletons
  2 worms
  A giant gecko (D:3)
  8 orcs
  A ball python (D:1)
  2 giant cockroaches (D:5)
  4 hobgoblins
  7 jackals
  A ball python skeleton (D:4)
  7 bats
  3 giant newts
  3 goblins
  A jackal skeleton (D:5)
  A kobold (D:1)
  2 kobold zombies (D:6)
  2 orc zombies (D:6)
  4 quokkas
  A quokka skeleton (D:5)
  A quokka zombie (D:5)
  5 rats
97 creatures vanquished.

Vanquished Creatures (collateral kills)
  An orc warrior (D:6)
  2 ogres
  An orc priest (D:5)
  An orc wizard (D:6)
  An adder skeleton (D:5)
  6 orcs
12 creatures vanquished.

Vanquished Creatures (others)
  A dancing weapon (D:5)
1 creature vanquished.

Grand Total: 110 creatures vanquished

Notes
Turn   | Place    | Note
--------------------------------------------------------------
     0 | D:1      | oplop the Spriggan Enchanter began the quest for the Orb.
     0 | D:1      | Reached XP level 1. HP: 9/9 MP: 5/5
   270 | D:1      | Reached XP level 2. HP: 13/13 MP: 6/6
   698 | D:2      | Learned a level 2 spell: Ensorcelled Hibernation
   834 | D:2      | Reached XP level 3. HP: 16/16 MP: 3/8
  1942 | D:3      | Reached XP level 4. HP: 21/21 MP: 5/10
  2172 | D:3      | Found a white marble altar of Elyvilon.
  2172 | D:3      | Found a shattered altar of Ashenzari.
  2446 | D:4      | Learned a level 3 spell: Tukima's Dance
  2450 | D:4      | Learned a level 3 spell: Confuse
  2490 | D:4      | Reached skill level 5 in Hexes
  2782 | D:4      | Reached XP level 5. HP: 21/24 MP: 3/12
  3009 | D:4      | Found a stormy altar of Qazlal.
  3011 | D:4      | Noticed a fire elemental
  3012 | D:4      | Noticed a water elemental
  3012 | D:4      | Noticed an air elemental
  3027 | D:4      | Noticed a sky beast
  3037 | D:4      | Noticed NekoKawashu's ghost (amateur MiMo)
  3067 | D:4      | Killed NekoKawashu's ghost
  3067 | D:4      | Reached skill level 5 in Dodging
  3084 | D:4      | Killed a sky beast
  3084 | D:4      | Reached skill level 5 in Spellcasting
  3084 | D:4      | Reached skill level 6 in Hexes
  3084 | D:4      | Reached XP level 6. HP: 15/28 MP: 1/14
  3321 | D:4      | Found a deep blue altar of Sif Muna.
  3337 | D:5      | Entered Level 5 of the Dungeon
  3905 | D:5      | Reached XP level 7. HP: 26/32 MP: 13/16
  4172 | D:5      | Noticed Grinder
  4337 | D:5      | Reached skill level 7 in Dodging
  4372 | D:5      | Noticed Pikel
  5060 | D:6      | Found a staircase to the Ecumenical Temple.
  5183 | Temple   | Entered the Ecumenical Temple
  5446 | D:3      | Became a worshipper of Ashenzari the Shackled
  5565 | D:5      | Killed Pikel
  5565 | D:5      | Reached skill level 8 in Hexes
  5565 | D:5      | Reached XP level 8. HP: 20/36 MP: 7/20
  5780 | D:5      | Killed Grinder
  6077 | D:6      | Reached skill level 9 in Hexes
  6289 | D:6      | Reached skill level 1 in Fighting
  6326 | D:6      | Reached XP level 9. HP: 26/41 MP: 19/22
  6362 | D:6      | Killed from afar by an orc priest

Action                   |  1- 3 |  4- 6 |  7- 9 || total
-------------------------+-------+-------+-------++-------
Melee: Dagger            |    74 |   126 |   190 ||   390
 Cast: Ensorcelled Hiber |    12 |    27 |    19 ||    58
       Corona            |     1 |     5 |       ||     6
       Confuse           |       |    12 |    28 ||    40
       Tukima's Dance    |       |       |    20 ||    20
  Use: Scroll            |       |       |    12 ||    12
 Stab: Sleeping          |    22 |    17 |    11 ||    50
       Confused          |       |     6 |    12 ||    18
       Distracted        |       |       |     1 ||     1
  Eat: Royal jelly       |       |     1 |       ||     1
       Fruit             |       |       |     4 ||     4
